 Dungeon Crawl Stone Soup version 0.19.5 (webtiles) character file.

46 Lizzreth the Skirmisher (level 3, -9/20 HPs)
             Began as a Spriggan Chaos Knight on Mar 16, 2017.
             Killed from afar by Natasha (10 damage)
             ... with a magic dart
             ... on level 2 of the Dungeon.
             The game lasted 00:04:31 (782 turns).

Lizzreth the Skirmisher (Spriggan Chaos Knight)      Turns: 782, Time: 00:04:37

Health: -9/20      AC:  4    Str:  8    XL:     3   Next: 44%
Magic:  4/4        EV: 23    Int: 13    God:    Xom [...*..]
Gold:   186        SH:  0    Dex: 16    Spells: 0 memorised, 2 levels left

rFire  . . .     SeeInvis +     a - +0 falchion (chaos)
rCold  . . .     Gourm    .     b - +2 robe
rNeg   . . .     Faith    .     (shield restricted)
rPois  .         Spirit   .     (helmet restricted)
rElec  .         Reflect  .     (no cloak)
rCorr  .         Harm     .     (gloves unavailable)
MR     .....                    (boots unavailable)
Stlth  +.........               (no amulet)
                                l - +4 ring of evasion
                                f - ring of flight (curse)

@: flying, invisible, very quick
A: unfitting armour, see invisible, herbivore 3, speed 3, slow metabolism 2
a: Renounce Religion


You were on level 2 of the Dungeon.
You worshipped Xom.
You were a favourite toy of Xom.
You were not hungry.

You visited 1 branch of the dungeon, and saw 2 of its levels.

You collected 186 gold pieces.

Inventory:

Hand Weapons
 a - a +0 falchion of chaos (weapon)
Armour
 b - a +2 robe (worn)
Jewellery
 f - a cursed ring of flight (left hand)
 l - a +4 ring of evasion (right hand)
Scrolls
 d - 2 scrolls of enchant weapon {unknown}
 e - 2 scrolls of teleportation {unknown}
 g - a scroll of identify {unknown}
 h - 3 scrolls of remove curse {unknown}
Comestibles
 c - a bread ration
 k - a royal jelly


   Skills:
 + Level 3.6 Fighting
 - Level 2.5 Long Blades
 - Level 3.5 Dodging


You had 2 spell levels left.
You didn't know any spells.

Dungeon Overview and Level Annotations

Branches:
Dungeon (2/15)

Altars:

Annotations:
D:2 Natasha


Innate Abilities, Weirdness & Mutations

You are very small and have problems with some larger weapons.
You are too small for most types of armour.
You have supernaturally acute eyesight. (SInv)
You are a herbivore.
You cover ground extremely quickly.
You need consume almost no food.


Message History

Natasha closely misses you.
You hit Natasha.
You heal Natasha.
Natasha is completely healed.
Xom is amused.
Natasha wildly gestures.
Natasha glows brightly for a moment.
Natasha completely misses you.
You hit Natasha but do no damage. Natasha claws you.
* * * LOW HITPOINT WARNING * * *
It was a potion of flight.
You feel very buoyant.
You fly up into the air.
Xom thinks this is hilarious!
The crimson imp blinks!
Natasha zaps a wand.
The puff of flame misses you.
It was a potion of invisibility.
You fade into invisibility!
Natasha stares at you and mumbles some strange words.
The magic dart hits you!
Ouch! That really hurt!
You die...
Xom titters!

... .. #.#.#.#.#.#.# #..
#.##............ #..
#..#.#.#.#.#.#># #..
#.##........... .. #..
#...#.#.#.#.#.#
...##..####...[.........
......†......#.#.#.#.#.#
#§h.................
#.5#@#....#.#.#.#.#(# #.
#...###..#########
.........## ##.#
........... #.#
.#...#..##.# #..
........# .# #..#
.##.##..% . #..# # #.#.
...#.# .. . .. .#


You could see Natasha.

Vanquished Creatures
  Natasha (D:2)
  3 giant cockroaches (D:1)
  A goblin (D:1)
  A hobgoblin (D:1)
  3 jackals (D:1)
  4 bats
  2 frilled lizards
  2 kobolds (D:1)
  3 rats (D:1)
  A fungus (D:1)
21 creatures vanquished.

Notes
Turn   | Place    | Note
-------+----------+-------------------------------------------
     0 | D:1      | Lizzreth the Spriggan Chaos Knight began the quest for the Orb.
     0 | D:1      | Reached XP level 1. HP: 11/11 MP: 2/2
   176 | D:1      | XOM: harmless Fire miscast
   323 | D:1      | Reached XP level 2. HP: 16/16 MP: 3/3
   674 | D:2      | Noticed Natasha
   682 | D:2      | XOM: butterfly on damage
   685 | D:2      | Killed Natasha
   685 | D:2      | Reached XP level 3. HP: 4/20 MP: 4/4
   769 | D:2      | Noticed Natasha
   780 | D:2      | HP: 1/20 [Natasha (4)]
   782 | D:2      | Killed from afar by Natasha

Skill      XL: |  1  2 |
---------------+-------+-----
Fighting       | 3 |  3.6
Long Blades    | |  2.5
Dodging        | |  3.5

Action                   || total
-------------------------++-------
Melee: Falchion          ||    65
  Use: Potion            ||     2
 Stab: Confused          ||     1
       Petrifying        ||     2
       Sleeping          ||     1
Armor: Robe              ||     9
Dodge: Dodged            ||    48
       Rpst.: Falchion   ||    13
